 Dungeon Crawl Stone Soup version 0.29.0-5-ge4962eb29e (webtiles) character file.

Game seed: 7542660678768009995

145812 Charly the Warrior (level 17, 0/160 HPs)
             Began as a Ghoul Fire Elementalist on Aug 28, 2022.
             Was an Initiate of Yredelemnul.
             Slain by a caustic shrike simulacrum (13 damage)
             ... in an ice cave on Aug 29, 2022.
             The game lasted 02:29:10 (36308 turns).

Charly the Warrior (Ghoul Fire Elementalist)       Turns: 36308, Time: 02:29:11

Health: 0/160      AC: 21    Str: 26    XL:     17   Next: 43%
Magic:  0/24       EV: 16    Int: 10    God:    Yredelemnul [......]
Gold:   968        SH:  9    Dex: 12    Spells: 18/20 levels left

rFire   + . .      SeeInvis .   b - +7 trident of Sharkskin {vorpal, Will+ rCorr Str+3 Dex+3}
rCold   + . .      Faith    .   a - +0 kite shield {reflect}
rNeg    + + +      Spirit   +   K - +2 ring mail {rF+}
rPois   ∞          Reflect  +   G - +2 hat of Lapn {Str+3}
rElec   .          Harm     .   m - +0 cloak
rCorr   +          Rampage  .   M - +0 pair of gloves
Will    ++...                   H - +2 pair of boots
Stlth   +.........              O - amulet of guardian spirit
HPRegen 0.00/turn               n - +4 ring of evasion
MPRegen 0.19/turn               i - +4 ring of protection

@: inhibited regen
A: claws 1, cold resistance 1, negative energy resistance 3, inhibited
regeneration, torment resistance 2, devour on kill
a: Renounce Religion, Recall Undead Harvest


You were in an ice cave.
You worshipped Yredelemnul.
Yredelemnul was aware of your devotion.
You visited 4 branches of the dungeon, and saw 25 of its levels.
You also visited: Ice Cave.

You collected 2732 gold pieces.
You spent 1764 gold pieces at shops.

Inventory:

Hand Weapons
 b - the +7 trident of Sharkskin (weapon) {vorpal, Will+ rCorr Str+3 Dex+3}
   (You found it on level 4 of the Dungeon)

   It inflicts extra damage upon your enemies.
   Str:       It affects your strength (+3).
   Dex:       It affects your dexterity (+3).
   rCorr:     It protects you from acid and corrosion.
   Will:      It increases your willpower.
Armour
 a - a +0 kite shield of reflection (worn)
 m - a +0 cloak (worn)
 G - the +2 hat of Lapn (worn) {Str+3}
   (You acquired it on level 11 of the Dungeon)

   Str:       It affects your strength (+3).
 H - a +2 pair of boots (worn)
 K - a +2 ring mail of fire resistance (worn)
 M - a +0 pair of gloves (worn)
Magical Staves
 e - a staff of air
Jewellery
 i - a +4 ring of protection (right hand)
 n - a +4 ring of evasion (left hand)
 D - a ring of flight
 O - an amulet of guardian spirit (around neck)
Wands
 s - a wand of charming (1)
 A - a wand of iceblast (23)
 B - a wand of mindburst (9)
 E - a wand of polymorph (9)
Scrolls
 h - 2 scrolls of magic mapping
 p - 4 scrolls of teleportation
 y - 6 scrolls of amnesia
 C - 6 scrolls of immolation
 I - 2 scrolls of fear
 J - 5 scrolls of enchant weapon
 P - a scroll of torment
 Q - 3 scrolls of poison
 R - a scroll of vulnerability
 T - a scroll of summoning
Potions
 f - 11 potions of curing
 g - 6 potions of attraction
 k - 2 potions of flight
 l - 2 potions of ambrosia
 o - 3 potions of heal wounds
 q - 2 potions of magic
 r - 2 potions of invisibility
 u - 2 potions of brilliance
 v - 2 potions of haste
 F - a potion of might
 N - a potion of cancellation
Miscellaneous
 d - a lightning rod (4/4)
 j - a phial of floods
 t - a box of beasts (inert)
 z - a tin of tremorstones (inert)
 S - a condenser vane (inert)


   Skills:
 + Level 16.8 Fighting
 - Level 4.0 Short Blades
 - Level 16.0 Polearms
 - Level 9.3 Armour
 - Level 6.3 Dodging
 - Level 3.0 Stealth
 * Level 5.9 Shields
 - Level 2.0 Spellcasting
 - Level 1.0 Conjurations
 - Level 3.0 Fire Magic
 + Level 11.7 Invocations
 + Level 7.4 Evocations


You had 18 spell levels left.
You knew the following spells:

 Your Spells              Type           Power      Damage    Failure   Level
z - Scorch                Fire           14%        2d6       45%         2

Your spell library contained the following spells:

 Spells                   Type           Power      Damage    Failure   Level
 Foxfire                  Conj/Fire      20%        2x1d5     45%         1
 Conjure Flame            Conj/Fire      5%         6-21      83%         3
 Ensorcelled Hibernation  Hex/Ice        2%         N/A       87%         2
 Passwall                 Tmut/Erth      0%         N/A       87%         2
 Poisonous Vapours        Pois/Air       2%         N/A       87%         2
 Inner Flame              Hex/Fire       4%         N/A       88%         3
 Dazzling Flash           Conj/Hex       4%         N/A       96%         3
 Stone Arrow              Conj/Erth      4%         3d7       96%         3
 Call Canine Familiar     Summ           1%         N/A       98%         3
 Confusing Touch          Hex            1%         N/A       98%         3
 Frozen Ramparts          Ice            2%         1d1       98%         3
 Portal Projectile        Hex/Tloc       2%         N/A       98%         3
 Swiftness                Air            1%         N/A       98%         3
 Flame Wave               Conj/Fire      5%         2d5       99%         4
 Animate Armour           Summ/Erth      2%         N/A       100%        4
 Corpse Rot               Necr/Pois/Air  1%         N/A       100%        4
 Fulminant Prism          Conj/Hex       1%         3d6       100%        4
 Iskenderun's Mystic Bla  Conj/Tloc      2%         2d3       100%        4
 Leda's Liquefaction      Hex/Erth       0%         N/A       100%        4
 Summon Ice Beast         Ice/Summ       1%         N/A       100%        4
 Borgnjor's Vile Clutch   Necr/Erth      0%         N/A       100%        5
 Fireball                 Conj/Fire      2%         3d4       100%        5
 Irradiate                Conj/Tmut      1%         3d12      100%        5
 Iskenderun's Battlesphe  Conj           3%         2d6       100%        5
 Lee's Rapid Deconstruct  Erth           0%         3d5*      100%        5
 Yara's Violent Unravell  Hex/Tmut       0%         3d3       100%        5
 Conjure Ball Lightning   Conj/Air       1%         3x3d6     100%        6
 Iron Shot                Conj/Erth      1%         9d1       100%        6
 Starburst                Conj/Fire      2%         6d3       100%        6
 Enfeeble                 Hex            0%         N/A       100%        7
 Orb of Destruction       Conj           1%         9d5       100%        7
 Lehudib's Crystal Spear  Conj/Erth      1%         10d2      100%        8
 Chain Lightning          Conj/Air       1%         3d1       100%        9
 Fire Storm               Conj/Fire      2%         8d1       100%        9
 Shatter                  Erth           0%         3d5*      100%        9
 Ice Form                 Ice/Tmut       Unusable   N/A       N/A         4
 Blade Hands              Tmut           Unusable   N/A       N/A         5
 Dragon Form              Tmut           Unusable   N/A       N/A         7

Dungeon Overview and Level Annotations

Branches:
Dungeon (15/15)            Temple (0/1) D:4            Lair (5/5) D:8
  Swamp (3/4) Lair:2       Spider (0/4) Lair:2        Slime (0/5) Lair:5
    Orc (2/2) D:10            Elf (0/3) Orc:2        Vaults (0/5) D:13
 Depths (0/4) D:15          IceCv (1/1)

Altars:
Hepliaklqana
Makhleb
Qazlal
Vehumet
Xom
Yredelemnul
Jiyva

Shops:
D:11 *   Orc:2 ?*=(

Annotations:
D:10 Psyche


Innate Abilities, Weirdness & Mutations

You are immune to poison.
You have sharp fingernails.
Your flesh is cold resistant. (rC+)
You are immune to negative energy. (rN+++)
You do not regenerate when monsters are visible.
You are immune to unholy pain and torment.
You thrive by killing the living.


Message History

The caustic shrike simulacrum is severely damaged.
The caustic shrike simulacrum misses you.
You hit the caustic shrike simulacrum.
The caustic shrike simulacrum is severely damaged.
The caustic shrike simulacrum completely misses you.
You closely miss the caustic shrike simulacrum.
The caustic shrike simulacrum is severely damaged.
The caustic shrike simulacrum claws you but does no damage.
The caustic shrike simulacrum claws you.
The caustic shrike simulacrum freezes you!
You resist.
* * * LOW HITPOINT WARNING * * *
You miss the caustic shrike simulacrum.
The caustic shrike simulacrum is severely damaged.
The caustic shrike simulacrum claws you!!
* * * LOW HITPOINT WARNING * * *
The caustic shrike simulacrum freezes you!
You resist.
* * * LOW HITPOINT WARNING * * *
You hit the caustic shrike simulacrum but do no damage.
The caustic shrike simulacrum is severely damaged.
The caustic shrike simulacrum claws you but does no damage.
You hit the caustic shrike simulacrum.
The caustic shrike simulacrum is severely damaged.
The caustic shrike simulacrum claws you!
* * * LOW HITPOINT WARNING * * *
The caustic shrike simulacrum freezes you!
You resist.
* * * LOW HITPOINT WARNING * * *
The caustic shrike simulacrum barely misses you.
Okay, then.
You feel much better.
The caustic shrike simulacrum claws you!
* * * LOW HITPOINT WARNING * * *
The caustic shrike simulacrum freezes you!!
You resist.
* * * LOW HITPOINT WARNING * * *
The caustic shrike simulacrum claws you!
You die...
Yredelemnul claims you as an undead slave.

##### ##.....# .........
### ........## #.# #
........#. ###Z#+#.#+#
........# #.'@.......
........########.8.8.8.8
..........#.............
....⌠.....'.............
..........#.............
........########.8.8.8.8
........#W)+ +........
........#.⌠# #+#+#.#+#
........#### .#


You could see a caustic shrike simulacrum.

Vanquished Creatures
  Donald (Swamp:2)
  A very ugly thing (Swamp:3)
  A dire elephant (Lair:5)
  A bunyip (Swamp:2)
  Harold (D:9)
  6 boulder beetles
  Erica (D:11)
  3 catoblepae (Lair:5)
  3 two-headed ogres
  3 alligators
  6 hydras
  A death knight (D:14)
  5 centaur warriors
  Urug (D:11)
  6 death yaks
  4 skeletal warriors
  A spriggan druid (Swamp:1)
  A spriggan rider (Swamp:1)
  2 deep trolls (D:15)
  A bog body (Lair:2)
  2 obsidian statues (IceCv)
  A necromancer (D:15)
  2 lindwurms (Lair:5)
  A wizard (D:15)
  Pikel (D:4)
  A deep elf pyromancer (D:8)
  5 manticores
  6 orc sorcerers (Orc:2)
  11 ugly things
  5 cyclopes
  A will-o-the-wisp (Swamp:1)
  4 elephants
  3 black mambas
  A gargoyle (D:13)
  A human zombie (Swamp:2)
  8 cane toads
  An unseen horror (shapeshifter) (D:13)
  8 komodo dragons
  2 kobold demonologists (D:14)
  5 rime drakes
  An unseen horror (D:13)
  11 trolls
  2 hornets
  2 meliai
  A polar bear (shapeshifter) (D:15)
  2 polar bears
  12 slime creatures
  14 blink frogs
  3 tyrant leeches
  A raiju (shapeshifter) (D:13)
  A dream sheep (Lair:5)
  A centaur simulacrum (D:14)
  2 shadows
  Sigmund (D:4)
  A vampire (D:12)
  3 wraiths
  5 wyverns
  A spriggan (Swamp:2)
  A human (shapeshifter) (D:14)
  A dire elephant simulacrum (IceCv)
  A water elemental (D:15)
  29 yaks
  Menkaure (D:4)
  2 steam dragons
  9 vampire mosquitoes
  2 minotaur simulacra (IceCv)
  4 wargs (Orc:2)
  2 acid dragons
  5 swamp worms
  A hydra simulacrum (IceCv)
  16 water moccasins
  18 orc warriors
  8 ice beasts
  A black bear (D:5)
  A sky beast (D:4)
  2 alligator simulacra (IceCv)
  3 ogres
  5 wolves
  2 lemures (D:4)
  8 centaurs
  3 phantoms
  5 kobold brigands
  9 bullfrogs
  3 deep troll simulacra (IceCv)
  2 scorpions
  11 wights
  10 killer bees
  An electric eel (Lair:1)
  4 howler monkeys
  4 jellies
  5 gnoll boudas
  12 orc priests
  6 hounds
  5 iguanas
  Natasha (thrice) (D:2)
  Terence (D:2)
  37 orc wizards
  3 hell rats (D:8)
  2 killer bee zombies (D:10)
  24 gnolls
  12 adders
  A river rat (D:8)
  An ufetubus (D:6)
  2 worms (D:2)
  A dart slug (D:2)
  61 orcs
  12 ball pythons
  7 endoplasms
  3 giant cockroaches
  11 goblins
  4 hobgoblins
  2 jackals (D:2)
  17 kobolds
  7 quokkas
  9 bats
  6 frilled lizards
  7 rats
617 creatures vanquished.

Vanquished Creatures (collateral kills)
  An ironbound preserver (D:13)
  An eleionoma (Swamp:1)
  2 bunyips (Swamp:1)
  An ettin (D:15)
  9 hydras
  A centaur warrior (D:14)
  A boulder beetle (D:13)
  A two-headed ogre (D:11)
  An alligator (Swamp:1)
  4 death yaks
  2 orc high priests
  Amaemon (Lair:2)
  3 skeletal warriors
  2 goliath frogs
  3 bog bodies (Swamp:1)
  3 spriggan riders (Swamp:1)
  5 swamp dragons
  A phantasmal warrior (D:14)
  3 manticores
  An orc knight (Orc:2)
  A deep elf pyromancer (D:13)
  5 ugly things
  3 orc sorcerers
  A cyclops (D:13)
  2 elephants
  A black mamba (Lair:5)
  An orange demon (Lair:2)
  2 torpor snails
  A cane toad (Lair:4)
  2 kobold demonologists
  2 komodo dragons
  8 blink frogs
  A tyrant leech (Swamp:1)
  3 slime creatures (D:14)
  A dream sheep (Lair:5)
  11 yaks
  A wraith (D:7)
  3 basilisks
  4 vampire mosquitoes
  A steam dragon (D:7)
  3 wargs (Orc:2)
  3 swamp worms
  A water moccasin (D:7)
  2 orc warriors
  6 wolves (Lair:1)
  A bullfrog (Lair:2)
  3 wights
  3 killer bees
  2 orc priests
  An iguana (D:3)
  4 orc wizards
  2 gnolls
  An adder (D:6)
  A river rat (D:8)
  An ufetubus (D:5)
  2 orc zombies
  19 orcs
  A goblin (D:4)
  2 kobolds
  A bush (Lair:2)
  3 butterflies
162 creatures vanquished.

Vanquished Creatures (others)
  A hydra (Lair:5)
  An ugly thing zombie (D:13)
  2 catoblepas zombies (Lair:5)
  A swamp worm zombie (Swamp:1)
  3 hydra zombies
  A troll (D:7)
  2 alligator zombies
  3 slime creature zombies
  2 tyrant leech zombies
  A spriggan zombie (Swamp:1)
  A water moccasin (D:9)
  A cane toad zombie (Lair:5)
  A human zombie (D:11)
  A hornet zombie (D:8)
  3 blink frog zombies (Lair:5)
  2 dream sheep zombies (Lair:5)
  A swamp dragon zombie (Swamp:1)
  7 vampire mosquito zombies
  2 rime drake zombies (Lair:5)
  A komodo dragon zombie (Lair:5)
  2 wyvern zombies
  2 warg zombies (Orc:2)
  8 water moccasin zombies
  3 troll zombies (D:7)
  A raiju zombie (D:13)
  5 yak zombies
  A polar bear zombie (Lair:1)
  2 wolf zombies
  5 bullfrog zombies
  A basilisk zombie (Lair:5)
  6 centaur zombies
  A scorpion zombie (D:4)
  2 orc wizards
  2 killer bee zombies
  2 ice beast zombies (D:6)
  2 hound zombies
  A howler monkey zombie (D:13)
  A steam dragon zombie (D:9)
  2 iguana zombies
  3 jelly zombies
  3 adder zombies
  11 gnoll zombies
  3 ball python zombies (D:4)
  An endoplasm zombie (D:4)
  A goblin zombie (D:4)
  A hobgoblin zombie (D:4)
  10 kobold zombies
  43 orc zombies
  2 quokka zombies (D:8)
  A spectral ufetubus (D:5)
  157 foxfires
  28 fungi
  86 plants
436 creatures vanquished.

Grand Total: 1215 creatures vanquished

Notes
Turn   | Place    | Note
-------+----------+-------------------------------------------
     0 | D:1      | Charly the Ghoul Fire Elementalist began the quest for the
                  | Orb.
     0 | D:1      | Reached XP level 1. HP: 14/14 MP: 2/2
   313 | D:1      | Reached skill level 1 in Fighting
   442 | D:1      | Reached XP level 2. HP: 24/24 MP: 0/3
   563 | D:1      | Learned a level 2 spell: Scorch
   692 | D:1      | Reached skill level 1 in Conjurations
  1244 | D:1      | Reached XP level 3. HP: 29/29 MP: 1/4
  1881 | D:2      | Noticed Natasha
  2039 | D:2      | Noticed Terence
  2274 | D:2      | Found a shimmering altar of Xom.
  2308 | D:2      | Reached XP level 4. HP: 38/38 MP: 0/5
  3417 | D:1      | Reached skill level 1 in Short Blades
  3661 | D:2      | Reached XP level 5. HP: 45/45 MP: 0/7
  3764 | D:2      | Killed Natasha
  3988 | D:3      | Found a burning altar of Makhleb.
  3988 | D:3      | Found a basalt altar of Yredelemnul.
  4053 | D:3      | Became a worshipper of Yredelemnul the Dark
  4226 | D:3      | Noticed an ogre
  4245 | D:3      | Killed an ogre
  4246 | D:3      | Reached * piety under Yredelemnul
  4246 | D:3      | Reached XP level 6. HP: 53/53 MP: 1/8
  4634 | D:3      | Found a faded altar of an unknown god.
  4659 | D:3      | Reached ** piety under Yredelemnul
  4800 | D:2      | Reached skill level 5 in Fighting
  4808 | D:2      | Noticed Natasha
  4817 | D:2      | Killed Natasha
  4818 | D:2      | Reached skill level 1 in Evocations
  4939 | D:2      | Noticed Natasha
  5113 | D:2      | Killed Natasha
  5325 | D:2      | Killed Terence
  5672 | D:4      | Reached XP level 7. HP: 61/61 MP: 3/9
  5732 | D:4      | Noticed Menkaure
  5738 | D:4      | Killed Menkaure
  5843 | D:4      | Found a staircase to the Ecumenical Temple.
  6118 | D:4      | Noticed Sigmund
  6554 | D:4      | Noticed Pikel
  6563 | D:4      | Killed Pikel
  6564 | D:4      | Reached skill level 1 in Invocations
  6564 | D:4      | Reached XP level 8. HP: 73/73 MP: 1/10
  6862 | D:4      | Identified the +7 trident of Sharkskin {vorpal, Will+ rCorr
                  | Str+3 Dex+3}
  6984 | D:5      | Entered Level 5 of the Dungeon
  7189 | D:5      | Found a hazy altar of Hepliaklqana.
  7424 | D:5      | Reached skill level 1 in Polearms
  8159 | D:5      | Reached XP level 9. HP: 70/79 MP: 6/11
  9053 | D:4      | Killed Sigmund
  9054 | D:4      | Reached skill level 5 in Polearms
 10319 | D:7      | Reached XP level 10. HP: 86/86 MP: 12/12
 10648 | D:7      | Noticed a kobold demonologist
 10827 | D:7      | Found a radiant altar of Vehumet.
 10865 | D:7      | Noticed a boulder beetle
 11369 | D:8      | Noticed a death yak
 11512 | D:8      | Reached skill level 1 in Armour
 11592 | D:8      | Reached *** piety under Yredelemnul
 11762 | D:8      | Found a staircase to the Lair.
 11763 | D:8      | Noticed a death yak
 11768 | D:8      | Noticed a death yak
 11801 | D:8      | Killed a death yak
 11807 | D:8      | Killed a death yak
 11808 | D:8      | Reached skill level 5 in Invocations
 11812 | D:8      | Killed a death yak
 11813 | D:8      | Reached skill level 10 in Polearms
 11813 | D:8      | Reached XP level 11. HP: 91/95 MP: 9/13
 12282 | D:7      | Found a stormy altar of Qazlal.
 12418 | D:7      | Noticed a deep elf pyromancer
 12676 | D:9      | Noticed Harold
 12678 | D:9      | Noticed a two-headed ogre
 14557 | D:7      | Got the Parchment of the Bouncing Servitors
 14681 | D:7      | Found the +8 storm bow {elec, penet}
 14762 | D:7      | Identified the +6 halberd of Hies {drain, Fragile rElec
                  | Will+}
 14818 | D:7      | Noticed a two-headed ogre
 14849 | D:7      | Killed a two-headed ogre
 14967 | D:7      | Identified the +1 hand axe of Cheibriados's Envy {freeze,
                  | rN+ SInv}
 15071 | D:8      | Killed a deep elf pyromancer
 15361 | D:8      | Found a staircase to the Lair.
 15989 | D:9      | Killed a two-headed ogre
 16198 | D:9      | Reached skill level 5 in Armour
 16869 | D:10     | Entered Level 10 of the Dungeon
 16902 | D:10     | Reached skill level 10 in Fighting
 16975 | D:10     | Reached XP level 12. HP: 106/106 MP: 14/14
 17256 | D:10     | Noticed a two-headed ogre
 17262 | D:10     | Killed a two-headed ogre
 17357 | D:10     | Noticed Psyche
 17477 | D:9      | Killed Harold
 17517 | Lair:1   | Entered Level 1 of the Lair of Beasts
 17934 | Lair:1   | Noticed a six-headed hydra
 17938 | Lair:1   | Killed a six-headed hydra
 18382 | Lair:1   | Reached **** piety under Yredelemnul
 18967 | Lair:2   | Found a staircase to the Swamp.
 18977 | Lair:2   | Reached XP level 13. HP: 105/117 MP: 15/15
 19583 | Lair:2   | Found a hole to the Spider Nest.
 19618 | Lair:2   | Noticed Amaemon
 19625 | Lair:2   | Killed Amaemon
 20127 | Lair:3   | You fall into a shaft and drop 2 floors!
 20127 | Lair:5   | Entered Level 5 of the Lair of Beasts
 21029 | Lair:4   | Reached skill level 15 in Polearms
 22415 | Lair:4   | Reached XP level 14. HP: 121/129 MP: 16/16
 22616 | Lair:4   | Reached ***** piety under Yredelemnul
 22645 | Lair:4   | Reached XP level 15. HP: 138/138 MP: 16/20
 23048 | Lair:5   | Found a staircase to the Slime Pits.
 23048 | Lair:5   | Found a viscous altar of Jiyva.
 24335 | Lair:5   | Reached skill level 5 in Evocations
 24979 | D:11     | Found Vefi's Overcharged Wands.
 25006 | D:11     | Noticed Erica
 25015 | D:11     | Killed Erica
 25140 | D:11     | Noticed Urug
 25153 | D:11     | Your ally Erica died
 25348 | D:11     | Identified a scroll of acquirement
 25348 | D:11     | Acquired the +2 hat of Lapn {Str+3}
 25421 | D:11     | Identified the +3 leather armour of Classification {rPois}
 25464 | D:11     | Killed Urug
 27142 | D:13     | Found a gate to the Vaults.
 27177 | D:13     | Reached skill level 15 in Fighting
 27177 | D:13     | Reached skill level 10 in Invocations
 27513 | D:13     | Reached skill level 5 in Dodging
 27720 | D:13     | Reached XP level 16. HP: 149/149 MP: 22/22
 30218 | D:15     | Entered Level 15 of the Dungeon
 30379 | D:10     | Found a staircase to the Orcish Mines.
 30382 | Orc:1    | Entered Level 1 of the Orcish Mines
 30977 | Orc:2    | Entered Level 2 of the Orcish Mines
 31157 | Orc:2    | Found a staircase to the Elven Halls.
 31332 | Orc:2    | Found Siboaront's Weapon Emporium.
 31332 | Orc:2    | Found Ziraf's Jewellery Boutique.
 31736 | Orc:2    | Found Mionebb's General Store.
 31736 | Orc:2    | Found Iweadaac's Magic Scroll Boutique.
 32030 | Orc:2    | Bought a scroll of torment for 104 gold pieces
 32030 | Orc:2    | Bought a scroll of teleportation for 33 gold pieces
 32030 | Orc:2    | Bought a scroll of poison for 44 gold pieces
 32030 | Orc:2    | Bought a scroll of vulnerability for 44 gold pieces
 32039 | Orc:2    | Bought a condenser vane for 720 gold pieces
 32039 | Orc:2    | Bought a scroll of summoning for 171 gold pieces
 32144 | D:11     | Bought a wand of iceblast (18) for 648 gold pieces
 32621 | D:15     | Reached skill level 1 in Shields
 32683 | D:15     | Found a staircase to the Depths.
 33259 | D:15     | Reached ****** piety under Yredelemnul
 33740 | Swamp:1  | Entered Level 1 of the Swamp
 34029 | Swamp:1  | Reached XP level 17. HP: 125/159 MP: 20/24
 34591 | Swamp:1  | Noticed Donald
 34591 | Swamp:1  | You fall into a shaft and drop 1 floor!
 35067 | Swamp:2  | Reached skill level 5 in Shields
 35415 | Swamp:2  | Killed Donald
 35424 | Swamp:2  | Your ally Donald died
 35732 | Swamp:3  | Found a frozen archway.
 35741 | IceCv    | Entered an ice cave
 36308 | IceCv    | Slain by a caustic shrike simulacrum

Illustrated notes

Levels and vault maps discovered:
D:1:      dpeg_arrival_rhombi, layout_basic, minmay_tromino_v4_b
D:2:      layout_basic, basic_altar, kennysheep_minor_cross, st_stairs_8,
          kennysheep_generic_room_9, uniq_terence, uniq_natasha
D:3:      layout_rooms, jmf_multi_god_temple,
          hellmonk_ecumenical_altar_arch_garden
D:4:      layout_cave_pods, temple_green, uniq_sigmund, uniq_pikel,
          uniq_menkaure
D:5:      layout_layer_cave, nicolae_hepliaklqana_hazy_memory, minmay_checkerbox
D:6:      layout_loops_ring
D:7:      minmay_the_grid_octo_tiled_octocenter [minmay_the_grid_octo_clover_2,
          minmay_the_grid_octo_teeth, minmay_the_grid_octo_checkered,
          minmay_the_grid_octo_pinwheel,
          minmay_the_grid_octo_prize_single_spiral,
          minmay_the_grid_square_5x5_inner_v,
          minmay_the_grid_square_5x5_almost_minimal,
          minmay_the_grid_square_5x5_n, minmay_the_grid_square_5x5_lines],
          layout_rooms, fiery_altar_vehumet, grunt_qazlal_clouds
D:8:      layout_loops_cross, dpeg_lair_monsters
D:9:      layout_gridville, serial_glass, glass_columns_c, glass_columns_a,
          uniq_harold
D:10:     layout_loops_ring, uniq_psyche
D:11:     layout_irregular_city, nicolae_shop_overcharged_wands, uniq_urug,
          uniq_erica
D:12:     layout_stronghold
D:13:     layout_irregular_city, skrybe_vaults_entry_preservation
D:14:     layout_roguey, infiniplex_staircase_x, nrook_loot_triangle,
          chequers_serial_rivers_large_a
D:15:     hangedman_depths_entry_civil_slaughter, layout_basic,
          serial_bayou_lagoon_a
Lair:1:   layout_regular_city, patterned_corridor, infiniplex_staircase_pool,
          grunt_megastairs_3
Lair:2:   layout_cave_pods, skrybe_swamp_entry_bodies,
          hellmonk_spider_entry_not_the_bees, serial_forest,
          infiniplex_forest_lined_2, infiniplex_forest_clump_curved,
          infiniplex_forest_straight_2, infiniplex_forest_lined_2,
          infiniplex_forest_clump_diagonal, infiniplex_forest_clump_medium,
          lemuel_fruit_tree, lemuel_fruit_fields, uniq_amaemon
Lair:3:   layout_loops_ring, minmay_holes
Lair:4:   layout_cave_pods, lemuel_fruit_fields
Lair:5:   hangedman_lair_in_review, layout_cave_pods,
          nicolae_slime_entry_slimehenge, nicolae_lair_yak_garden
Swamp:1:  layout_basic_swamp, hangedman_swamp_ruin_wall, swamp_pool2,
          uniq_donald
Swamp:2:  layout_basic_swamp, nicolae_swamp_stair_fork
Swamp:3:  layout_falls_marsh, portal_ice_cave_entry_ugly_swarm,
          evilmike_swamp_ruin_house_1
Orc:1:    layout_caves, kennysheep_orc_chapel
Orc:2:    st_orc_town, layout_caves
IceCv:    ice_cave_tombish

Skill      XL: |  1  2  3  4  5  6  7  8  9 10 11 12 13 14 15 16 17 |
---------------+----------------------------------------------------+-----
Fighting       | 1 2 3 4 5 7 8 10 11 13 14 15 16 | 16.8
Conjurations   | 1 |  1.0
Stealth        | 3 |  3.0
Spellcasting   | 2 |  2.0
Fire Magic     | 3 |  3.0
Short Blades   | 1 2 4 |  4.0
Evocations     | 3 4 5 6 7 |  7.4
Invocations    | 1 3 5 8 10 11 | 11.7
Polearms       | 4 8 10 11 13 15 16 | 16.0
Armour         | 2 5 7 9 |  9.3
Dodging        | 5 6 |  6.3
Shields        | 3 5 |  5.9

Action                   |  1- 3 |  4- 6 |  7- 9 | 10-12 | 13-15 | 16-18 || total
-------------------------+-------+-------+-------+-------+-------+-------++-------
Melee: Unarmed           |     5 |       |       |       |       |       ||     5
       Dagger            |    21 |    85 |    66 |       |       |       ||   172
       Punch             |       |     1 |     2 |     7 |       |       ||    10
       Trident           |       |       |   126 |   384 |       |   374 ||   884
       Halberd           |       |       |       |   155 |   558 |   411 ||  1124
 Fire: Longbow           |       |       |       |     5 |       |       ||     5
Throw: Dart              |       |       |       |    16 |       |       ||    16
       Throwing net      |       |       |       |     5 |       |     2 ||     7
 Cast: Foxfire           |    45 |    54 |     3 |       |       |       ||   102
       Scorch            |    12 |    16 |    60 |       |       |       ||    88
Invok: Recall Undead Har |       |     2 |     8 |     2 |     4 |     7 ||    23
       Dark Bargain      |       |       |     2 |     5 |     9 |     4 ||    20
Evoke: Wand              |       |       |     2 |    22 |    29 |    27 ||    80
       Phial of floods   |       |       |       |     1 |       |       ||     1
       Tin of tremorston |       |       |       |     2 |     2 |     4 ||     8
       Lightning rod     |       |       |       |       |     9 |     5 ||    14
       Box of beasts     |       |       |       |       |     1 |     3 ||     4
       Condenser vane    |       |       |       |       |       |     1 ||     1
  Use: Potion            |     2 |     1 |     1 |     2 |     1 |     2 ||     9
       Scroll            |       |     5 |     4 |    17 |    20 |     7 ||    53
 Stab: Sleeping          |     1 |     4 |     1 |     1 |     1 |     1 ||     9
       Distracted        |       |     1 |     2 |     2 |    11 |     7 ||    23
       Held in net/web   |       |       |       |     5 |       |     4 ||     9
       Invisible         |       |       |       |       |     5 |       ||     5
Armor: Robe              |    12 |    13 |    13 |       |       |       ||    38
       Ring mail         |       |       |     4 |    54 |    88 |   185 ||   331
       Plate armour      |       |       |       |   102 |       |       ||   102
Dodge: Dodged            |    36 |    43 |    80 |   214 |   202 |   329 ||   904
Block: Kite shield       |       |       |       |       |       |   140 ||   140
       Reflection        |       |       |       |       |       |     1 ||     1
